Map: Frozen Temple

Players

Balika

  • Race: Terran Terran
  • League: Silver
  • Spawn Location: 11:00

A.I. 1 (Easy) - Winner!

  • Race: Protoss Protoss
  • Spawn Location: 5:00

VOD

Have the link to the VOD?

Description

Time

  • Played on: Jan. 7, 2017, 4 p.m.
  • Length: 8:22
Show
View Real Time Build Order
Export as new Build Order

Balika Terran 

Build Orders: MMM Bio 

Get SALT Encoding   

  12  0:00  SCV  
  13  0:13  SCV  
  14  0:18  Supply Depot  
  14  0:25  SCV  
  15  0:40  SCV  
  16  0:44  Barracks  
  16  0:50  Refinery  
  16  0:52  SCV  
  17  1:04  SCV  
  18  1:16  SCV  
  19  1:31  Orbital Command  
  19  1:32  Barracks Reactor  
  19  1:44  Command Center  
  19  1:55  Barracks  
  19  2:05  SCV, Supply Depot  
  20  2:10  Marine  
  20  2:13  Marine  
  22  2:17  SCV  
  23  2:28  Engineering Bay  
  23  2:42  Barracks Tech Lab  
  23  2:45  Marine x2  
  25  2:57  Bunker, Orbital Command  
  25  3:01  SCV  
  26  3:07  Combat Shields  
  26  3:09  Terran Infantry Weapons Level 1  
  26  3:13  Marine x3  
  26  3:14  SCV  
  30  3:23  SCV  
  30  3:26  SCV  
  32  3:31  Marine x3  
  35  3:35  SCV  
  35  3:40  SCV  
  37  3:43  Supply Depot  
  37  3:47  Supply Depot  
  37  3:48  SCV  
  38  3:49  Marine x2  
  38  3:50  Marine  
  38  3:52  SCV  
  42  4:00  Barracks, SCV  
  43  4:04  SCV  
  43  4:07  Marine x2  
  43  4:08  Marine  
  47  4:12  SCV  
  47  4:16  SCV  
  49  4:22  Supply Depot  
  49  4:24  SCV, Marine  
  49  4:25  Marine  
  49  4:26  Marine  
  49  4:28  SCV  
  49  4:29  Supply Depot  
  54  4:42  Stimpack, Marine  
  55  4:52  Barracks Reactor  
  55  5:00  Marine x3  
  55  5:02  SCV x2  
  55  5:03  Terran Infantry Armor Level 1  
  51  5:14  SCV x2  
  51  5:17  Command Center  
  51  5:18  Marine x3  
  56  5:26  SCV x2  
  58  5:32  Marine  
  58  5:33  Marine  
  60  5:36  Marine x3  
  60  5:38  SCV x2  
  60  5:41  Barracks  
  62  5:43  Barracks  
  62  5:44  Barracks  
  60  5:50  SCV x2, Marine x2  
  60  5:53  Marine  
  60  5:54  Marine  
  60  5:56  Marine  
  67  6:02  SCV  
  67  6:03  SCV  
  69  6:08  Marine x2  
  71  6:11  Marine x2  
  71  6:14  SCV, Marine  
  71  6:15  SCV  
  76  6:23  Supply Depot  
  76  6:26  Marine x2, Supply Depot  
  76  6:28  SCV x2, Marine  
  76  6:29  Marine x2  
  76  6:31  Marine  
  84  6:33  Orbital Command  
  84  6:40  SCV x2  
  84  6:44  Marine x2  
  84  6:47  Barracks Reactor, Marine x2  
  90  6:49  Barracks Reactor, Marine  
  90  6:51  Barracks Reactor  
  90  6:53  SCV  
  90  6:54  SCV  
  93  7:01  Marine  
  93  7:02  Marine  
  93  7:05  SCV, Marine x2  
  93  7:06  SCV  
  93  7:07  Marine  
  100  7:13  SCV  
  101  7:18  SCV x2  
  101  7:19  Marine x2  
  105  7:22  Marine  
  105  7:23  Marine  
  105  7:25  SCV, Marine  
  109  7:50  Supply Depot  
  109  7:52  Supply Depot  
  109  7:59  Marine x3  
  109  8:00  SCV x3, Marine x4  
  109  8:01  Marine x4  
  126  8:13  Barracks x2  
  126  8:19  Barracks  
Show
View Real Time Build Order
Export as new Build Order

A.I. 1 (Easy) Protoss - Winner!

Build Orders: 1 Gate Expand 

Get SALT Encoding   

  12  0:01  Probe (Chrono Boost)  
  13  0:11  Probe (Chrono Boost)  
  14  0:20  Pylon  
  14  0:22  Probe (Chrono Boost)  
  15  0:38  Probe (Chrono Boost)  
  16  0:51  Gateway  
  16  1:08  Nexus  
  16  1:24  Pylon  
  16  1:27  Assimilator  
  16  1:36  Zealot  
  19  1:41  Probe (Chrono Boost)  
  19  1:42  Cybernetics Core  
  19  1:52  Probe (Chrono Boost)  
  20  1:58  Assimilator  
  20  2:03  Probe (Chrono Boost)  
  20  2:08  Zealot  
  23  2:19  Probe (Chrono Boost), Warp Gate  
  23  2:21  Pylon  
  24  2:31  Probe (Chrono Boost), Stalker  
  24  2:36  Probe (Chrono Boost)  
  28  2:56  Probe (Chrono Boost)  
  29  2:59  Probe (Chrono Boost)  
  29  3:00  Adept  
  32  3:08  Probe (Chrono Boost)  
  32  3:11  Probe (Chrono Boost)  
  34  3:19  Probe (Chrono Boost)  
  35  3:21  Probe (Chrono Boost)  
  35  3:26  Adept  
  36  3:30  Probe (Chrono Boost)  
  36  3:33  Probe (Chrono Boost)  
  41  3:41  Probe (Chrono Boost)  
  41  3:47  Probe (Chrono Boost)  
  41  3:48  Pylon  
  42  3:53  Probe (Chrono Boost)  
  42  3:54  Adept  
  43  3:57  Probe (Chrono Boost)  
  46  4:05  Probe (Chrono Boost)  
  46  4:08  Probe (Chrono Boost), Robotics Facility  
  48  4:18  Pylon  
  48  4:19  Probe (Chrono Boost)  
  48  4:23  Probe (Chrono Boost)  
  50  4:30  Probe (Chrono Boost)  
  51  4:32  Assimilator  
  51  4:33  Probe (Chrono Boost), Adept  
  54  4:41  Probe (Chrono Boost)  
  54  4:44  Probe (Chrono Boost)  
  54  4:45  Pylon  
  56  4:52  Probe (Chrono Boost), Assimilator  
  57  4:55  Probe (Chrono Boost), Observer  
  59  5:02  Adept  
  59  5:03  Probe (Chrono Boost)  
  59  5:05  Probe (Chrono Boost)  
  52  5:14  Probe (Chrono Boost), Observer  
  52  5:16  Probe (Chrono Boost)  
  52  5:21  Pylon  
  52  5:26  Probe (Chrono Boost)  
  52  5:27  Probe (Chrono Boost)  
  54  5:30  Zealot  
  48  5:38  Probe x2 (Chrono Boost)  
  43  5:43  Immortal  
  43  5:49  Probe x2 (Chrono Boost)  
  49  5:59  Probe (Chrono Boost)  
  49  6:00  Probe (Chrono Boost)  
  51  6:10  Probe (Chrono Boost)  
  52  6:13  Probe (Chrono Boost), Zealot  
  55  6:21  Probe (Chrono Boost)  
  55  6:24  Probe (Chrono Boost)  
  57  6:31  Probe (Chrono Boost)  
  58  6:34  Probe (Chrono Boost)  
  59  6:42  Probe (Chrono Boost), Stalker  
  59  6:45  Probe (Chrono Boost)  
  63  6:53  Probe (Chrono Boost)  
  64  7:10  Sentry  
  66  7:39  Adept  
  68  8:08  Adept  
Tags
 
Composition
MMM Bio
League
Silver
Matchup
PvT
Spawn Locations
Cross Positions
Add a new tag
Caveats
  • Supply blocks, unpowered buildings, or Contaminate may cause inaccurate times.
  • Supply counts are checked every 10 seconds.